 Dungeon Crawl Stone Soup version 0.30.1-11-g7821555f0a (webtiles) character file.

Game seed: 7644469333267237499

5538 Peloso the Carver (level 10, -2/90 HPs)
             Began as a Minotaur Fighter on Dec 8, 2023.
             Was a Priest of Okawaru.
             Slain by Snorg (17 damage)
             ... on level 9 of the Dungeon.
             The game lasted 00:12:07 (8224 turns).

Peloso the Carver (Minotaur Fighter)                Turns: 8224, Time: 00:12:07

Health: -2/90      AC: 16    Str: 21    XL:     10   Next: 43%
Magic:  8/9        EV: 19    Int:  5    God:    Okawaru [***...]
Gold:   563        SH:  7    Dex: 14    Spells: 9/9 levels left

rFire   + . .        a - +1 scimitar (heavy)
rCold   + + +        d - +0 buckler
rNeg    . . .        f - +7 Kryia's mail coat {PotionHeal*2 rC+}
rPois   .            (helmet restricted)
rElec   .            A - scarf {rC+ rF+}
rCorr   .            (no gloves)
SInv    .            (no boots)
Will    .....        (no amulet)
Stlth   ++           B - +5 ring of evasion
HPRegen 0.35/turn    I - ring of protection from cold
MPRegen 0.11/turn

%: no passive effects
@: heroic
A: horns 2, retaliatory headbutt
a: Renounce Religion, Heroism


You were on level 9 of the Dungeon.
You worshipped Okawaru.
Okawaru was most pleased with you.
You visited 1 branch of the dungeon, and saw 10 of its levels.

You collected 563 gold pieces.

Inventory:

Hand Weapons
 a - a +1 heavy scimitar (weapon)
 b - a +0 long sword
Missiles
 C - a throwing net (quivered)
Armour
 c - a +4 chain mail of cold resistance
 d - a +0 buckler (worn)
 f - the +7 Kryia's mail coat (worn) {PotionHeal*2 rC+}
   (You found it on level 5 of the Dungeon)

   PotionHeal*2: Potions heal its wearer twice as much.
   rC:        It protects you from cold.
 A - a scarf of resistance (worn)
Jewellery
 B - a +5 ring of evasion (left hand)
 I - a ring of protection from cold (right hand)
Wands
 k - a wand of polymorph (15)
 p - a wand of light (6)
 x - a wand of paralysis (15)
 y - a wand of mindburst (20)
 J - a wand of iceblast (4)
Scrolls
 g - 3 scrolls of magic mapping {unknown}
 h - 6 scrolls of identify
 i - 3 scrolls of teleportation {unknown}
 j - 3 scrolls of noise {unknown}
 q - a scroll of torment {unknown}
 r - a scroll of enchant weapon {unknown}
 u - a scroll of fog {unknown}
 v - 3 scrolls of brand weapon {unknown}
 w - 4 scrolls of fear {unknown}
 z - a scroll of amnesia {unknown}
 G - 2 scrolls of blinking {unknown}
 H - a scroll of immolation {unknown}
Potions
 e - 2 potions of curing
 l - 2 potions of haste
 m - 2 potions of brilliance
 n - a potion of lignification
 o - 3 potions of might
 s - 2 potions of invisibility
 t - 5 potions of heal wounds
 D - a potion of resistance
 E - a potion of ambrosia {unknown}
 F - a potion of flight {unknown}


   Skills:
 + Level 8.9(13.9) Fighting
 + Level 11.9(16.9) Long Blades
 + Level 9.6(14.6) Armour
 + Level 4.5(9.5) Dodging
 + Level 1.1(6.1) Stealth
 + Level 6.9(11.9) Shields
 + Level 0.2 Invocations
 + Level 0.9 Evocations


You had 9 spell levels left.
You didn't know any spells.
Your spell library contained the following spells:

 Spells                   Type           Power      Damage    Failure   Level
 Apportation              Tloc           0%         N/A       77%         1
 Necrotise                Necr           0%         1d4       77%         1
 Slow                     Hex            0%         N/A       77%         1
 Cigotuvi's Dreadful Rot  Necr/Pois/Air  0%         N/A       88%         2
 Ensorcelled Hibernation  Hex/Ice        0%         N/A       88%         2
 Confusing Touch          Hex            0%         N/A       98%         3
 Dazzling Flash           Conj/Hex       0%         N/A       98%         3
 Spider Form              Tmut/Pois      0%         N/A       98%         3
 Vampiric Draining        Necr           0%         2d6       98%         3
 Anguish                  Hex/Necr       0%         N/A       100%        4
 Dispel Undead            Necr           0%         3d6       100%        4
 Passage of Golubria      Tloc           0%         N/A       100%        4
 Agony                    Necr           0%         N/A       100%        5
 Alistair's Intoxication  Tmut/Pois      0%         N/A       100%        5
 Borgnjor's Vile Clutch   Necr/Erth      0%         N/A       100%        5
 Silence                  Hex/Air        0%         N/A       100%        5
 Yara's Violent Unravell  Hex/Tmut       0%         3d3       100%        5
 Eringya's Noxious Bog    Tmut/Pois      0%         N/A       100%        6
 Orb of Destruction       Conj           0%         9d5       100%        7
 Summon Small Mammal      Summ           Unusable   N/A       N/A         1
 Summon Guardian Golem    Hex/Summ       Unusable   N/A       N/A         3
 Tukima's Dance           Hex            Unusable   N/A       N/A         3
 Death Channel            Necr           Unusable   N/A       N/A         6
 Spellforged Servitor     Conj/Summ      Unusable   N/A       N/A         7

Dungeon Overview and Level Annotations

Branches:
Dungeon (10/15)            Temple (0/1) D:6
   Lair: D:8-11         Orc: D:9-12

Altars:
Dithmenos
Gozag
Makhleb
Nemelex Xobeh
Okawaru
Uskayaw
Xom
Yredelemnul
Zin
The Shining One

Shops:
D:9 :

Annotations:
D:9 Snorg


Innate Abilities, Weirdness & Mutations

You have a pair of horns on your head.
You reflexively headbutt those who attack you in melee.


Message History

The yak bellows!
An orc wizard comes into view. It is wielding a +0 dagger.
The orc wizard shouts!
An orc warrior comes into view. It is wielding a +0 long sword.
There is a stone staircase leading up here.
The orc warrior shouts!
You hear a shout!
You gain the combat prowess of a mighty hero.
Snorg goes berserk!
You climb upwards.
There is a stone staircase leading down here.
Unknown command.
You slash Snorg!
Snorg is lightly wounded.
Snorg bites you but does no damage. Snorg completely misses you.
Snorg claws you. Snorg bites you. Snorg barely misses you. Snorg claws you!
You slice Snorg!!
Snorg is moderately wounded.
Snorg bites you. Snorg claws you! x2
You slice Snorg!! You headbutt Snorg, but do no damage.
Snorg is heavily wounded.
You block Snorg's attack. Snorg completely misses you.
Snorg claws you but does no damage. Snorg completely misses you.
You block Snorg's attack. Snorg misses you.
You cut Snorg into ribbons!!!
Snorg is severely wounded.
Snorg barely misses you. You furiously retaliate!
You headbutt Snorg! Snorg claws you! Snorg closely misses you.
Snorg misses you. Snorg claws you!
* * * LOW HITPOINT WARNING * * *
You block Snorg's attack.
You slash Snorg! You headbutt Snorg!
Snorg is almost dead.
Snorg bites you.
* * * LOW HITPOINT WARNING * * *
Snorg barely misses you. Snorg misses you.
You hit Snorg.
Snorg is almost dead.
You block Snorg's attack. Snorg claws you.
* * * LOW HITPOINT WARNING * * *
Snorg claws you!
You die...

.........#######..## #.....
.......#..).......######## #.....
.......#########.........###.._..
.......# #.#######...#._8_.
.......# #.# ###.'..... ###.####
#.# ###..... #...# #.# #####'
#.### #T# #... #.# #@# #.##
#'###### #.# #.# .......#
##.##### #.# .......# #......#
#.#
...)...########......#########.##
.......'......#..................
.......######........########.##.
###'#### ###......# #.### #.#
####.### #.#


You could see Snorg (berserk).

Vanquished Creatures
  3 two-headed ogres
  A troll (D:9)
  3 yaks (D:8)
  Eustachio (D:5)
  Duvessa (D:4)
  4 black bears
  5 orc warriors
  An ice beast (D:8)
  2 ogres
  A centaur (D:6)
  A phantom (D:5)
  Blork the orc (D:4)
  3 bullfrogs
  3 scorpions
  Dowan (D:4)
  5 killer bees (D:8)
  3 howler monkeys
  2 vampire bats (D:3)
  A jelly (D:7)
  A quasit (D:5)
  3 sleepcaps
  4 hounds
  3 orc priests
  Ijyb (D:5)
  Terence (D:3)
  3 iguanas (D:5)
  5 orc wizards
  6 adders
  A shadow imp (D:5)
  A worm (D:4)
  5 dart slugs
  19 orcs
  6 ball pythons
  9 bats
  8 endoplasms
  A giant cockroach (D:4)
  6 goblins
  7 hobgoblins
  2 jackals (D:3)
  3 kobolds
  4 quokkas
  3 frilled lizards (D:1)
  A goblin skeleton (D:5)
  A goblin zombie (D:5)
  A hobgoblin zombie (D:5)
  3 kobold zombies (D:5)
  An orc skeleton (D:5)
  2 orc zombies (D:5)
  2 rats (D:1)
155 creatures vanquished.

Notes
Turn   | Place    | Note
-------+----------+-------------------------------------------
     0 | D:1      | Peloso the Minotaur Fighter began the quest for the Orb.
     0 | D:1      | Reached XP level 1. HP: 19/19 MP: 0/0
   120 | D:1      | Found a faded altar of an unknown god.
   176 | D:1      | Reached XP level 2. HP: 27/27 MP: 1/1
   786 | D:2      | Gained mutation: Your spells are a little harder to cast,
                  | but a little more powerful. [potion of mutation]
   786 | D:2      | Lost mutation: Your spells are a little harder to cast, but
                  | a little more powerful. [potion of mutation]
   830 | D:2      | Reached XP level 3. HP: 33/33 MP: 2/2
  1119 | D:3      | Reached skill level 3 in Long Blades
  1119 | D:3      | Reached XP level 4. HP: 41/41 MP: 3/3
  1272 | D:3      | Found a hide-covered altar of Uskayaw.
  1290 | D:3      | Noticed Terence
  1296 | D:3      | Reached skill level 4 in Long Blades
  1301 | D:3      | Killed Terence
  1302 | D:3      | Reached XP level 5. HP: 23/47 MP: 4/4
  1684 | D:4      | Noticed Duvessa
  1684 | D:4      | Noticed Dowan
  1713 | D:4      | Killed Duvessa
  1714 | D:4      | Reached skill level 5 in Armour
  1714 | D:4      | Reached skill level 1 in Dodging
  1714 | D:4      | Reached XP level 6. HP: 23/55 MP: 5/5
  1727 | D:4      | Killed Dowan
  1728 | D:4      | Reached skill level 5 in Long Blades
  1961 | D:4      | Reached skill level 5 in Fighting
  2212 | D:4      | Noticed Blork the orc
  2227 | D:4      | Killed Blork the orc
  2228 | D:4      | Reached XP level 7. HP: 45/61 MP: 6/6
  2721 | D:5      | Entered Level 5 of the Dungeon
  2747 | D:5      | Reached skill level 6 in Long Blades
  2803 | D:5      | Noticed Eustachio
  2815 | D:5      | Found a glowing golden altar of the Shining One.
  2850 | D:5      | Killed Eustachio
  3228 | D:5      | Reached skill level 7 in Long Blades
  3427 | D:5      | Reached XP level 8. HP: 70/70 MP: 7/7
  3506 | D:5      | Found the +7 Kryia's mail coat {PotionHeal*2 rC+}
  3510 | D:5      | Noticed Ijyb
  3514 | D:5      | Paralysed by Ijyb for 2 turns
  3518 | D:5      | Paralysed by Ijyb for 5 turns
  3529 | D:5      | Paralysed by Ijyb for 3 turns
  3537 | D:5      | Killed Ijyb
  3542 | D:5      | Reached skill level 5 in Shields
  3928 | D:6      | Reached skill level 8 in Long Blades
  4003 | D:6      | Found an iron altar of Okawaru.
  4076 | D:6      | Became a worshipper of Warmaster Okawaru
  4161 | D:6      | Found a staircase to the Ecumenical Temple.
  4316 | D:6      | Reached skill level 9 in Long Blades
  4524 | D:6      | Noticed a two-headed ogre
  4542 | D:6      | Killed a two-headed ogre
  4542 | D:6      | Reached * piety under Okawaru
  4543 | D:6      | Reached XP level 9. HP: 29/79 MP: 8/8
  4937 | D:6      | Found a burning altar of Makhleb.
  5179 | D:7      | Reached skill level 10 in Long Blades
  5869 | D:7      | Found a basalt altar of Yredelemnul.
  6145 | D:8      | Noticed a two-headed ogre
  6157 | D:8      | Killed a two-headed ogre
  6374 | D:8      | Reached ** piety under Okawaru
  6394 | D:8      | Reached skill level 11 in Long Blades
  6427 | D:8      | Reached XP level 10. HP: 48/89 MP: 9/9
  6937 | D:8      | Found an opulent altar of Gozag.
  7674 | D:9      | Found Kaggil's Book Shoppe.
  7703 | D:9      | Noticed a two-headed ogre
  7710 | D:9      | Killed a two-headed ogre
  7710 | D:9      | Reached *** piety under Okawaru
  7711 | D:9      | Reached skill level 1 in Stealth
  7877 | D:9      | Found a sparkling altar of Nemelex Xobeh.
  7911 | D:9      | Found a shimmering altar of Xom.
  7911 | D:9      | Found a shadowy altar of Dithmenos.
  7911 | D:9      | Found a glowing silver altar of Zin.
  8073 | D:10     | Entered Level 10 of the Dungeon
  8204 | D:10     | Noticed Snorg
  8224 | D:9      | Slain by Snorg

Illustrated notes

Levels and vault maps discovered:
D:1:      dpeg_arrival_round_b, layout_loops_ring,
          dreamdust_ecumenical_altar_grove, serial_bayou_ford_a, minivault_25
D:2:      layout_rooms
D:3:      layout_rooms, mainiacjoe_overflow_24_doors, roderic_batcave,
          uniq_terence
D:4:      layout_basic, uniq_duvessa, uniq_blork_the_orc
D:5:      layout_layer_cave, nicolae_tso_besieged_by_evil, corexii_corridor_pit,
          uniq_eustachio, uniq_ijyb
D:6:      layout_loops_ring, makhleb_blood_cavern_becter, okawaru_gym_becter,
          lemuel_temple_firewalk_b
D:7:      layout_basic, yredelemnul_altar_generic, kennysheep_minor_cross
D:8:      layout_basic, mainiacjoe_overflow_boulevard
D:9:      layout_roguey, nemelex_altar_shiori,
          chequers_temple_overflow_statue_of_worship, serial_shops, shop
D:10:     layout_cave_pools, nrook_mini_vaults, uniq_snorg

Skill      XL: |  1  2  3  4  5  6  7  8  9 10 |
---------------+-------------------------------+-----
Armour         | 4 5 6 7 9 |  9.6
Shields        | 4 5 6 |  6.9
Fighting       | 4 5 7 8 |  8.9
Long Blades    | 3 4 5 7 9 11 | 11.9
Dodging        | 1 2 3 4 |  4.5
Stealth        | 1 |  1.1
Invocations    | |  0.2
Evocations     | |  0.9

Action                     |  1- 3 |  4- 6 |  7- 9 | 10-12 || total
---------------------------+-------+-------+-------+-------++-------
  Melee: Long sword        |    66 |    88 |   270 |    27 ||   451
         Headbutt          |     9 |    13 |    58 |    16 ||    96
         Scimitar          |       |       |       |    60 ||    60
 Invoke: Heroism           |       |       |     1 |     2 ||     3
  Evoke: Wand              |       |       |     3 |       ||     3
    Use: Potion            |     5 |     3 |     1 |       ||     9
         Scroll            |       |       |     6 |       ||     6
 Armour: Scale mail        |    36 |    16 |    66 |    30 ||   148
         Chain mail        |       |    39 |    89 |       ||   128
  Dodge: Dodged            |    51 |    43 |   124 |    57 ||   275
  Block: Buckler           |    12 |    25 |    58 |    21 ||   116
